 Dungeon Crawl Stone Soup version 0.22-a0-358-g7563fe7 (webtiles) character file.

163 grindst0ne the Skirmisher (level 5, -2/43 HPs)
             Began as a Formicid Abyssal Knight on Apr 18, 2018.
             Was a Believer of Lugonu.
             Slain by a bullfrog zombie (3 damage)
             ... on level 4 of the Dungeon.
             The game lasted 00:04:17 (1625 turns).

grindst0ne the Skirmisher (Formicid Abyssal Knight) Turns: 1625, Time: 00:04:18

Health: -2/43      AC:  4    Str: 14 (16) XL:     5   Next: 72%
Magic:  8/8        EV: 16    Int: 10 (13) God:    Lugonu [**....]
Gold:   61         SH:  0    Dex: 14 (15) Spells: 4/4 levels left

rFire    . . .     SeeInvis +   a - +1 falchion
rCold    . . .     Gourm    .   (no shield)
rNeg     . . .     Faith    .   b - +0 leather armour
rPois    .         Spirit   .   (helmet unavailable)
rElec    .         Reflect  .   (no cloak)
rCorr    .         Harm     .   k - +0 pair of gloves
MR       .....                  (no boots)
Stlth    ++........             (no amulet)
HPRegen  0.14/turn              (no ring)
MPRegen  0.11/turn              (no ring)

@: agile
A: permanent stasis, dig shafts and tunnels, four strong arms, antennae 3
a: Dig, Shaft Self, Depart the Abyss, Bend Space, Renounce Religion


You were on level 4 of the Dungeon.
You worshipped Lugonu.
Lugonu was pleased with you.
You were near starving.

You visited 1 branch of the dungeon, and saw 4 of its levels.
You visited the Abyss 1 time.

You collected 61 gold pieces.

Inventory:

Hand Weapons
 a - a +1 falchion (weapon)
Missiles
 g - 2 tomahawks (quivered)
Armour
 b - a +0 leather armour (worn)
 k - a +0 pair of gloves (worn)
Scrolls
 f - 3 scrolls of identify
 h - a scroll of magic mapping {unknown}
 j - a scroll of blinking
 l - a scroll of remove curse {unknown}
Comestibles
 c - 2 rations
 d - a chunk of flesh


   Skills:
 + Level 4.5 Fighting
 + Level 3.5 Long Blades
 - Level 2.1 Armour
 - Level 0.8 Dodging
 + Level 4.1 Invocations


You had 4 spell levels left.
You didn't know any spells.

Dungeon Overview and Level Annotations

Branches:
Dungeon (3/15)

Altars:
Zin

Annotations:
D:3 Natasha


Innate Abilities, Weirdness & Mutations

You cannot be hasted, slowed, berserked, paralysed or teleported.
You can dig through walls and to a lower floor.
Your four strong arms can wield two-handed weapons with a shield.
You have a pair of large antennae on your head. (SInv)


Message History

You closely miss the bullfrog zombie.
The bullfrog zombie is moderately damaged.
The bullfrog zombie misses you.
You riposte.
You hit the bullfrog zombie.
The bullfrog zombie is heavily damaged.
You barely miss the bullfrog zombie.
The bullfrog zombie is heavily damaged.
The bullfrog zombie hits you but does no damage.
The bullfrog zombie closely misses you.
You riposte.
You slash the bullfrog zombie!
The bullfrog zombie is severely damaged.
You barely miss the bullfrog zombie.
The bullfrog zombie is severely damaged.
The bullfrog zombie hits you.
* * * LOW HITPOINT WARNING * * *
Some of the chunks of flesh in your inventory have rotted away.
You hit the bullfrog zombie.
The bullfrog zombie is almost destroyed.
The bullfrog zombie completely misses you.
The bullfrog zombie hits you.
You die...

#########
........####
......{{##@#
.......{#Z##
........##.#
........#.##
.....Z...##
........+..#
.....Z..##.#
........# .#
....Z...# #


You could see a bullfrog zombie.

Vanquished Creatures
  2 orc wizards (D:3)
  4 adders (D:2)
  2 oozes (D:1)
  4 dart slugs (D:1)
  A leopard gecko (D:1)
  An orc (D:3)
  2 giant cockroaches (D:2)
  6 goblins
  A hobgoblin (D:2)
  6 jackals (D:1)
  9 kobolds
  7 bats
  3 frilled lizards (D:1)
  11 rats
59 creatures vanquished.

Notes
Turn   | Place    | Note
-------+----------+-------------------------------------------
     0 | Abyss:1  | grindst0ne the Formicid Abyssal Knight began the quest for the Orb.
     0 | Abyss:1  | Reached XP level 1. HP: 18/18 MP: 2/2
    86 | Abyss:1  | Noticed an orange demon
    87 | D:1      | Escaped the Abyss
   158 | D:1      | Reached XP level 2. HP: 16/24 MP: 3/3
   289 | D:1      | Reached * piety under Lugonu
   320 | D:1      | Reached XP level 3. HP: 20/30 MP: 5/5
   761 | D:1      | Reached XP level 4. HP: 29/37 MP: 6/6
  1059 | D:2      | Found a glowing silver altar of Zin.
  1293 | D:2      | Reached ** piety under Lugonu
  1381 | D:2      | Reached XP level 5. HP: 37/42 MP: 7/7
  1563 | D:3      | Noticed Natasha
  1613 | D:3      | You fall through a shaft!
  1620 | D:4      | HP: 2/43 [bullfrog zombie (2)]
  1625 | D:4      | Slain by a bullfrog zombie

Vault maps used:
D:1:      dpeg_arrival_simpleton_b
D:2:      minmay_diamond_boxcup, marbit_many_paths
D:3:      uniq_terence, uniq_natasha
D:4:      mumra_celtic_spiral_tile, grunt_temple_overflow_open,
          nicolae_overflow_hidden_temple, serial_undead, serial_undead_e,
          serial_undead_d, serial_undead_e, serial_undead_c, first_ration,
          uniq_robin

Skill      XL: |  1  2  3  4  5 |
---------------+----------------+-----
Invocations    | 3 4 |  4.1
Fighting       | 4 |  4.5
Long Blades    | 3 |  3.5
Armour         | |  2.1
Dodging        | |  0.8

Action                   |  1- 3 |  4- 6 || total
-------------------------+-------+-------++-------
Melee: Falchion          |    74 |   115 ||   189
Invok: Depart the Abyss  |     1 |       ||     1
 Abil: Dig               |       |     2 ||     2
       Shaft Self        |       |     1 ||     1
  Use: Scroll            |     1 |     1 ||     2
       Potion            |       |     2 ||     2
  Eat: Chunk             |       |     2 ||     2
Armor: Leather armour    |    44 |    40 ||    84
Dodge: Dodged            |    81 |    66 ||   147
       Rpst.: Falchion   |    23 |    22 ||    45

Table legend:
 A = Spawn XP
 B = Non-spawn XP
 C = Spawn XP percentage of total XP
 D = Spawn monster count
 E = Non-spawn monster count
 F = Spawn count percentage of total count
 G = Total turns spent on level
                    A         B        C        D         E        F      G
               +---------+---------+-------+---------+---------+-------+---------
         Total |       0 |     233 |   0.0 |       0 |      59 |   0.0 |  1625
               +---------+---------+-------+---------+---------+-------+---------
           D:1 |       0 |      70 |   0.0 |       0 |      31 |   0.0 |   839
           D:2 |       0 |      81 |   0.0 |       0 |      22 |   0.0 |   576
           D:3 |       0 |      82 |   0.0 |       0 |       6 |   0.0 |   111
               +---------+---------+-------+---------+---------+-------+---------
